 Dungeon Crawl Stone Soup version 0.30.0-11-gf55b779eaf (webtiles) character file.

Game seed: 4553286857802904802

584 Jackthecabe the Slasher (level 7, 0/34 HPs)
             Began as a Vine Stalker Gladiator on May 16, 2023.
             Was a Follower of Uskayaw.
             Succumbed to a scorpion's poison
             ... on level 5 of the Dungeon.
             The game lasted 00:06:08 (3934 turns).

Jackthecabe the Slasher (Vine Stalker Gladiator)    Turns: 3934, Time: 00:06:09

Health: 0/34       AC:  6    Str: 17    XL:     7   Next: 37%
Magic:  3/8        EV: 11    Int:  8    God:    Uskayaw [*.....]
Gold:   54         SH:  0    Dex: 17    Spells: 6/6 levels left

rFire   + . .        a - +0 long sword
rCold   + . .        (no shield)
rNeg    . . .        q - +0 ring mail
rPois   .            c - +0 helmet
rElec   .            s - scarf {rC+ rF+}
rCorr   .            (no gloves)
SInv    .            (no boots)
Will    +....        (no amulet)
Stlth   +            W - ring of willpower
HPRegen 1.05/turn    (no ring)
MPRegen 0.11/turn

%: guardian spirit
@: lethally poisoned (0 -> -3)
A: fangs 2, regeneration 1, magic shield, antimagic bite, no potion heal 2
a: Renounce Religion, Stomp


You were on level 5 of the Dungeon.
You worshipped Uskayaw.
Uskayaw was noncommittal.
You visited 1 branch of the dungeon, and saw 5 of its levels.
You also visited: Sewer.

You collected 229 gold pieces.
You spent 175 gold pieces at shops.


Innate Abilities, Weirdness & Mutations

You have extremely sharp teeth.
Your natural rate of healing is unusually fast.
When hurt, damage is shared between your health and your magic reserves.
Your bite disrupts and absorbs the magic of your enemies.
Potions cannot restore your health.


   Skills:
 - Level 1.7 Fighting
 + Level 7.6 Long Blades
 - Level 1.7 Throwing
 - Level 2.4 Dodging


You had 6 spell levels left.
You didn't know any spells.
Your spell library contained the following spells:

 Spells                   Type           Power      Damage    Failure   Level
 Portal Projectile        Hex/Tloc       0%         N/A       94%         3
 Tukima's Dance           Hex            0%         N/A       94%         3
 Blade Hands              Tmut           0%         N/A       100%        5
 Summon Forest            Summ/Tloc      0%         N/A       100%        5
 Summon Mana Viper        Hex/Summ       0%         N/A       100%        5
 Summon Cactus Giant      Summ           0%         N/A       100%        6

Inventory:

Hand Weapons
 a - a +0 long sword (weapon)
Missiles
 d - 3 throwing nets (quivered) {=f}
 e - a javelin
Armour
 b - a +0 leather armour
 c - a +0 helmet (worn)
 k - a scarf of shadows
 q - a +0 ring mail (worn)
 s - a scarf of resistance (worn)
Jewellery
 C - a ring of ice
 W - a ring of willpower (left hand)
Scrolls
 i - 2 scrolls of noise
 j - 2 scrolls of fear
 p - 3 scrolls of enchant armour
 r - a scroll of silence {!r}
 u - 2 scrolls of teleportation {@r2}
 v - a scroll of enchant weapon
 x - 2 scrolls of blinking
 y - a scroll of brand weapon {unknown}
 z - a scroll of summoning
Potions
 f - a potion of degeneration {unknown}
 g - 2 potions of lignification {unknown}
 h - 2 potions of mutation
 l - 5 potions of heal wounds {@q2}
 m - 5 potions of magic
 n - 2 potions of flight {unknown}
 o - 2 potions of curing {@q1}
 t - a potion of resistance {unknown}
 w - 2 potions of might
 A - a potion of invisibility

Dungeon Overview and Level Annotations

Branches:
Dungeon (5/15)             Temple (0/1) D:4           Sewer (visited)

Altars:
Gozag
Sif Muna
Uskayaw
Wu Jian
Yredelemnul

Shops:
D:3 ! D:4

? ......<...#.#.#
.......####.#.#
..............##
.......######..#
...............###
........######...#
........# ###.#
#s# #@# #.# #.#
#.. ##. #. . ##


You could see a scorpion.


Message History

* * * LOW HITPOINT WARNING * * *
You feel very sick. The scorpion closely misses you. The scorpion stings you.
* * * LOW HITPOINT WARNING * * *
Unknown command.
Use which ability? (? or * to list)
Aiming: Line Pass
Press: ? - help, Dir - move target The scorpion appears confused.
You can no longer pass through a line of other dancers.
* * * LOW HITPOINT WARNING * * *
You feel very sick. The scorpion barely misses you.
The scorpion barely misses itself.
You barely miss the scorpion. You bite the scorpion. You drain its power.
You feel invigorated.
The scorpion is severely wounded.
* * * LOW HITPOINT WARNING * * *
You feel very sick.
Unknown command.
You barely miss the scorpion. Your bite misses the scorpion.
The scorpion is severely wounded.
* * * LOW HITPOINT WARNING * * *
You feel very sick.
The scorpion seems less confused.
The scorpion stings you.
* * * LOW HITPOINT WARNING * * *
Unknown command.
You hit the scorpion but do no damage. You bite the scorpion.
You drain its power.
You feel invigorated.
The scorpion is severely wounded.
You die...

Skill      XL: |  1  2  3  4  5  6 |
---------------+-------------------+-----
Long Blades    | 3 4 5 6 7 |  7.6
Fighting       | |  1.7
Throwing       | |  1.7
Dodging        | |  2.4

Action                     |  1- 3 |  4- 6 |  7- 9 || total
---------------------------+-------+-------+-------++-------
  Melee: Long sword        |   109 |   178 |    83 ||   370
         Bite              |    24 |    55 |    23 ||   102
         Punch             |       |     4 |       ||     4
 Invoke: Line Pass         |       |       |     1 ||     1
    Use: Potion            |     1 |       |       ||     1
         Scroll            |       |       |    12 ||    12
   Stab: Sleeping          |     3 |     2 |       ||     5
 Armour: Leather armour    |    52 |     1 |       ||    53
         Ring mail         |       |    56 |    21 ||    77
  Dodge: Dodged            |   106 |    70 |    55 ||   231

Levels and vault maps discovered:
D:1:      lemuel_arrival_rhombus, layout_rooms
D:2:      layout_basic, hangedman_abyss_or_decor_stabs
D:3:      layout_loops_ring, nicolae_yredelemnul_corpse_copse,
          nicolae_sif_muna_condensation, nzn_wu_jian_contemplation,
          nicolae_uskayaw_dance_hall, grunt_gozag_breadcrumbs,
          nicolae_ecumenical_pavilion, serial_shops, shop
D:4:      layout_loops_ring, minmay_temple_entry_waves, portal_sewer_entry_a,
          serial_shops, shop
D:5:      layout_basic, kennysheep_little_box, serial_shops, shop

Notes
Turn   | Place    | Note
-------+----------+-------------------------------------------
     0 | D:1      | Jackthecabe the Vine Stalker Gladiator began the quest for
                  | the Orb.
     0 | D:1      | Reached XP level 1. HP: 11/11 MP: 2/2
    45 | D:1      | Reached skill level 3 in Long Blades
   109 | D:1      | Reached XP level 2. HP: 10/15 MP: 3/3
   500 | D:1      | Reached XP level 3. HP: 17/18 MP: 4/4
   715 | D:2      | Reached skill level 4 in Long Blades
  1037 | D:2      | Gained mutation: Your natural rate of healing is unusually
                  | fast. [Vine Stalker growth]
  1037 | D:2      | Reached XP level 4. HP: 17/23 MP: 5/5
  1858 | D:3      | Found a faded altar of an unknown god.
  1911 | D:3      | Found an opulent altar of Gozag.
  1944 | D:3      | Found a shimmering blue altar of Sif Muna.
  1985 | D:3      | Reached skill level 5 in Long Blades
  1992 | D:3      | Reached XP level 5. HP: 26/26 MP: 6/6
  1997 | D:3      | Found a hide-covered altar of Uskayaw.
  2017 | D:3      | Became a worshipper of Uskayaw the Reveller
  2043 | D:3      | Reached * piety under Uskayaw
  2045 | D:3      | Reached ** piety under Uskayaw
  2053 | D:3      | Found Miuvuot's Distillery.
  2247 | D:3      | Identified a scarf of resistance
  2395 | D:3      | Reached skill level 6 in Long Blades
  2395 | D:3      | Reached XP level 6. HP: 29/30 MP: 7/7
  2501 | D:3      | Found a basalt altar of Yredelemnul.
  2565 | D:3      | Found an ornate altar of the Wu Jian Council.
  2959 | D:4      | Found a glowing drain.
  2975 | Sewer    | Entered a sewer
  2994 | Sewer    | Reached skill level 7 in Long Blades
  2994 | Sewer    | Reached XP level 7. HP: 20/34 MP: 4/8
  3385 | D:4      | Found Enakuej's Magic Scroll Boutique.
  3390 | D:4      | Bought 3 scrolls of identify for 78 gold pieces
  3390 | D:4      | Bought a scroll of blinking for 97 gold pieces
  3584 | D:4      | Found a staircase to the Ecumenical Temple.
  3857 | D:5      | Entered Level 5 of the Dungeon
  3933 | D:5      | HP: 1/34 [scorpion (3)]
  3934 | D:5      | Succumbed to a scorpion's poison

Vanquished Creatures
  2 kobold brigands (Sewer)
  A jelly (D:4)
  A hound (D:3)
  3 orc wizards (D:3)
  A sleepcap (D:3)
  2 scorpion zombies (D:3)
  A hound zombie (D:3)
  10 adders
  An ufetubus (D:4)
  4 worms
  A dart slug (D:2)
  11 orcs
  5 bats
  7 endoplasms
  2 giant cockroaches
  12 hobgoblins
  5 jackals
  4 quokkas
  7 ball pythons
  7 frilled lizards
  10 goblins
  11 kobolds
  10 rats
118 creatures vanquished.

Table legend: (Time is in decaauts)
 A = Elapsed time spent in this place.
 B = Non-inter-level travel time spent in this place.
 C = Inter-level travel time spent in this place.
 D = Time resting spent in this place.
 E = Time spent auto-exploring this place.
 F = Levels seen in this place.
 G = Mean time per level.
                   A        B        C        D        E       F      G
               +--------+--------+--------+--------+--------+-----+--------+
         Total |   4049 |   3922 |    127 |      0 |   2993 |   6 |  674.8 |
       Dungeon |   3605 |   3478 |    127 |      0 |   2702 |   5 |  721.0 |
         Sewer |    444 |    444 |      0 |      0 |    291 |   1 |  444.0 |
               +--------+--------+--------+--------+--------+-----+--------+

Top non-repeatable levels by time:
     D:2: 1200 daAuts
     D:3: 961 daAuts
     D:1: 684 daAuts
     D:4: 681 daAuts
   Sewer: 444 daAuts
     D:5: 77 daAuts

Table legend:
 A = Non-vault XP
 B = Vault XP
 C = Vault XP percentage of total XP
 D = Non-vault monster count
 E = Vault monster count
 F = Vault count percentage of total count
                 A         B        C        D         E       F
            +---------+---------+-------+---------+---------+-------
      Total |     489 |     346 |  41.4 |      99 |      19 |  16.1
            +---------+---------+-------+---------+---------+-------
        D:1 |      40 |       0 |   0.0 |      28 |       0 |   0.0
        D:2 |      95 |       0 |   0.0 |      29 |       0 |   0.0
        D:3 |     257 |      90 |  25.9 |      25 |       3 |  10.7
        D:4 |      97 |       5 |   4.9 |      17 |       4 |  19.0
      Sewer |       0 |     251 | 100.0 |       0 |      12 | 100.0
            +---------+---------+-------+---------+---------+-------
